 Dungeon Crawl Stone Soup version 0.32-a0-131-g9dbbe29261 (webtiles) character file.

Game seed: 16923871208373834812

979 Dittersdorf the Shield-Bearer (level 8, -7/51 HPs)
             Began as a Gargoyle Fighter on Feb 8, 2024.
             Was an Initiate of Gozag.
             Mangled by an ogre
             ... wielding a +0 giant club
              (10 damage)
             ... on level 5 of the Dungeon.
             The game lasted 00:06:27 (4461 turns).

Dittersdorf the Shield-Bearer (Gargoyle Fighter)    Turns: 4461, Time: 00:06:27

Health: -7/51      AC: 20    Str: 21    XL:     8   Next: 17%
Magic:  8/8        EV:  8    Int: 10    God:    Gozag
Gold:   133        SH:  5    Dex:  9    Spells: 7/7 levels left

rFire   . . .        a - +0 flail
rCold   . . .        c - +0 buckler
rNeg    + . .        n - +0 chain mail
rPois   ∞            i - +2 helmet
rElec   +            g - +0 cloak
rCorr   .            (no gloves)
SInv    .            (no boots)
Will    .....        (no amulet) Stlth
                     l - ring of wizardry
HPRegen 0.28/turn    (no ring)
MPRegen 0.11/turn

%: wizardry (x1)
@: gold aura
A: sickness immunity, AC +5, negative energy resistance 1, electricity
resistance, torment resistance 1, petrification resistance
a: Renounce Religion, Potion Petition, Call Merchant, Bribe Branch


You were on level 5 of the Dungeon.
You worshipped Gozag.
Gozag was aware of your devotion.
You visited 2 branches of the dungeon, and saw 6 of its levels.
You also visited: Ossuary.

You collected 182 gold pieces.
You paid 49 gold pieces to Gozag.

Inventory:

Hand Weapons
 a - a +0 flail (weapon)
Armour
 c - a +0 buckler (worn)
 g - a +0 cloak (worn)
 i - a +2 helmet (worn)
 n - a +0 chain mail (worn)
 o - a +0 plate armour
Jewellery
 l - a ring of wizardry (left hand)
Scrolls
 b - 3 scrolls of teleportation
 m - a scroll of blinking
 q - a scroll of silence {unknown}
Potions
 d - a potion of might
 e - a potion of berserk rage
 f - 2 potions of magic
 h - 2 potions of heal wounds
 j - a potion of haste
 k - 4 potions of curing
 p - a potion of resistance


   Skills:
 + Level 6.0 Fighting
 + Level 4.9 Maces & Flails
 + Level 5.9 Armour
 + Level 6.0 Shields


You had 7 spell levels left.
You didn't know any spells.
Your spell library contained the following spells:

 Spells                   Type           Power      Damage    Failure   Level
 Call Canine Familiar     Summ           0%         N/A       96%         3
 Fugue of the Fallen      Necr           0%         N/A       96%         3
 Ozocubu's Armour         Ice            0%         N/A       96%         3
 Sigil of Binding         Hex            0%         N/A       96%         3
 Dimensional Bullseye     Hex/Tloc       0%         N/A       100%        4
 Leda's Liquefaction      Alch/Erth      0%         N/A       100%        4
 Manifold Assault         Tloc           0%         N/A       100%        4
 Lee's Rapid Deconstruct  Erth           0%         3d4*      100%        5
 Bombard                  Conj/Erth      0%         9d1       100%        6


Dungeon Overview and Level Annotations

Branches:
Dungeon (5/15)             Temple (1/1) D:4         Ossuary (visited)

Altars:
Ashenzari
Cheibriados
Dithmenos
Elyvilon
Fedhas
Gozag
Hepliaklqana
Kikubaaqudgha
Makhleb
Qazlal
Sif Muna
Trog
Uskayaw
Wu Jian
Xom
Yredelemnul
Zin
The Shining One

Shops:
D:2 [=?[=

Portals:
Abyss: D:3

Annotations:
D:3 2 transporters, Azoth's ghost, amateur DEHu


Innate Abilities, Weirdness & Mutations

You are immune to sickness and miasma.
Your stone body is resilient. (AC +5)
You are immune to poison.
You resist negative energy. (rN+)
You are resistant to electric shocks. (rElec)
You are resistant to unholy torment.
You are immune to petrification.


Message History

The gnoll hits you but does no damage.
The hound barks!
You hit the gnoll but do no damage.
The gnoll is moderately wounded.
You block the jackal's attack. x2; The ogre closely misses you.
The gnoll hits you but does no damage. x2; The gnoll barely misses you.
The jackal closely misses you.
The jackal bites you but does no damage.
You hit the gnoll.
The gnoll is heavily wounded.
The jackal bites you but does no damage.
You block the gnoll's attack.
The gnoll hits you from afar with a +0 halberd!
The gnoll completely misses you. The jackal bites you.
The ogre hits you with a +0 giant club!
* * * LOW HITPOINT WARNING * * *
The jackal barely misses you.
You hit the gnoll.
The gnoll is severely wounded.
The jackal bites you but does no damage.
The gnoll barely misses you.
The gnoll hits you but does no damage. x2
The jackal barely misses you. You block the jackal's attack.
The ogre closely misses you. The gnoll hits you but does no damage.
You block the gnoll's attack. The gnoll barely misses you.
You sock the gnoll!
You kill the gnoll!
The jackal bites you but does no damage. x2
The jackal closely misses you. The gnoll hits you but does no damage.
The gnoll closely misses you. You block the jackal's attack.
The gnoll barely misses you. The jackal completely misses you.
Things that are here:
8 gold pieces; a +0 spear The gnoll hits you with a +0 halberd.
* * * LOW HITPOINT WARNING * * *
The jackal is distracted by your dazzling golden aura.
You block the gnoll's attack.
The ogre is distracted by your dazzling golden aura.
The ogre hits you with a +0 giant club!
You die...
Your body crumbles into a pile of gold.

..........#####......
..
#..#.....#..#..#.....#.
#..#...#(..#...#...#..
#...###...#.#...###..
#..# #hO#h..#..#..# #.#
###$g...###.. #. #.
#....h#..#.... #
#...gO#...#..
#.#...#@#.....
#...#.#...#
................
###..............
###############


You could see 2 ogres, 2 gnolls and 3 jackals.

Vanquished Creatures
  Eustachio (D:4)
  6 elf zombies (Ossuary)
  2 centaur zombies (Ossuary)
  A hound (D:4)
  3 human zombies (Ossuary)
  An iguana (D:4)
  An orc wizard (D:3)
  3 mummies (Ossuary)
  A gnoll (D:5)
  2 adders (D:3)
  2 dart slugs (D:4)
  3 ribbon worms (D:2)
  13 orcs
  3 ball pythons (D:2)
  9 endoplasms
  7 giant cockroaches
  10 goblins
  8 hobgoblins
  18 jackals
  5 quokkas
  4 bats
  6 frilled lizards
  5 kobolds
  8 rats
  A spectral hobgoblin (D:2)
123 creatures vanquished.

Notes
Turn   | Place    | Note
-------+----------+-------------------------------------------
     0 | D:1      | Dittersdorf the Gargoyle Fighter began the quest for the
                  | Orb.
     0 | D:1      | Reached XP level 1. HP: 14/14 MP: 1/1
   312 | D:1      | Reached XP level 2. HP: 19/19 MP: 2/2
   878 | D:2      | Found Sebut's Armour Boutique.
   919 | D:2      | Reached XP level 3. HP: 23/23 MP: 3/3
   924 | D:2      | Found Nomopni's Magic Scroll Shop.
  1063 | D:2      | Found Nyfeor's Jewellery Shoppe.
  1092 | D:2      | Found Juqanem's Antique Armour Emporium.
  1412 | D:2      | Found a faded altar of an unknown god.
  1601 | D:2      | Found Koorewn's Jewellery Shoppe.
  1901 | D:3      | Noticed a small abomination
  1908 | D:3      | Noticed a small abomination
  1920 | D:3      | Reached XP level 4. HP: 12/29 MP: 4/4
  2043 | D:3      | Found a shimmering blue altar of Sif Muna.
  2144 | D:3      | Reached XP level 5. HP: 15/33 MP: 5/5
  2430 | D:3      | Found a transporter.
  2470 | D:3      | Found a transporter.
  2474 | D:3      | Noticed Azoth's ghost (amateur DEHu)
  2479 | D:3      | Found a one-way gate to the infinite horrors of the Abyss.
  2886 | D:4      | Noticed Eustachio
  2889 | D:4      | Found a sand-covered staircase.
  2951 | Ossuary  | Entered an ossuary
  3023 | Ossuary  | Reached XP level 6. HP: 31/39 MP: 6/6
  3147 | Ossuary  | Reached skill level 5 in Fighting
  3147 | Ossuary  | Reached skill level 5 in Armour
  3147 | Ossuary  | Reached skill level 5 in Shields
  3147 | Ossuary  | Reached XP level 7. HP: 44/44 MP: 7/7
  3434 | D:4      | Killed Eustachio
  3435 | D:4      | Reached XP level 8. HP: 36/51 MP: 8/8
  3618 | D:4      | Found a shadowy altar of Dithmenos.
  3688 | D:4      | Found a bloodstained altar of Trog.
  3776 | D:4      | Found a blossoming altar of Fedhas.
  3975 | D:4      | Found a staircase to the Ecumenical Temple.
  3979 | Temple   | Entered the Ecumenical Temple
  3986 | Temple   | Became a worshipper of Gozag Ym Sagoz the Greedy
  4156 | D:5      | Entered Level 5 of the Dungeon
  4453 | D:5      | HP: 2/51 [ogre/+0 giant club (17)]
  4461 | D:5      | Mangled by an ogre

Illustrated notes

Levels and vault maps discovered:
D:1:      minmay_arrival_arboretum_small, layout_loops_corners
D:2:      layout_basic, serial_shops, nicolae_shop_tiny_real_fake_doors, shop,
          shop, shop, shop, dreamdust_ecumenical_altar_drowned_temple,
          minmay_cut_off
D:3:      layout_basic, nicolae_sif_muna_condensation,
          gammafunk_ghost_abyssal_escape
D:4:      layout_loops_ring, lemuel_round_altar, marbit_many_paths,
          trog_butcher_becter, temple_statues, chequers_ossuary_entry_cave,
          uniq_eustachio
D:5:      lemuel_ice_spiral_2, layout_rooms, minmay_splitting_lines
Temple:   eino_temple_lava

Skill      XL: |  1  2  3  4  5  6  7  8 |
---------------+-------------------------+-----
Shields        | 4 5 6 |  6.0
Fighting       | 4 5 6 |  6.0
Armour         | 4 5 |  5.9
Maces & Flails | 3 4 |  4.9

Action                     |  1- 3 |  4- 6 |  7- 9 || total
---------------------------+-------+-------+-------++-------
  Melee: Flail             |   152 |   288 |   241 ||   681
    Use: Scroll            |       |     6 |     4 ||    10
 Armour: Scale mail        |   136 |    82 |       ||   218
         Chain mail        |       |   142 |   257 ||   399
  Dodge: Dodged            |    75 |   120 |   144 ||   339
  Block: Buckler           |    39 |    69 |    81 ||   189

Table legend: (Time is in decaauts)
 A = Elapsed time spent in this place.
 B = Non-inter-level travel time spent in this place.
 C = Inter-level travel time spent in this place.
 D = Time resting spent in this place.
 E = Time spent auto-exploring this place.
 F = Levels seen in this place.
 G = Mean time per level.
                   A        B        C        D        E       F      G
               +--------+--------+--------+--------+--------+-----+--------+
         Total |   4643 |   4341 |    302 |    179 |   2704 |   7 |  663.3 |
       Dungeon |   4132 |   3830 |    302 |    125 |   2577 |   5 |  826.4 |
        Temple |     14 |     14 |      0 |      0 |      0 |   1 |   14.0 |
       Ossuary |    495 |    495 |      0 |     54 |    127 |   1 |  495.0 |
               +--------+--------+--------+--------+--------+-----+--------+

Top non-repeatable levels by time:
     D:4: 1203 daAuts
     D:3: 974 daAuts
     D:2: 940 daAuts
     D:1: 877 daAuts
 Ossuary: 495 daAuts
     D:5: 137 daAuts
  Temple: 14 daAuts
